 Dungeon Crawl Stone Soup version 0.29-a0-414-g5075937ec3 (webtiles) character file.

Game seed: 7703450648265860609

5644 siradein the Thaumaturge (level 10, 0/79 HPs)
             Began as a Mummy Necromancer on May 16, 2022.
             Was a Believer of Ashenzari.
             Slain by a six-headed hydra (10 damage)
             ... on level 9 of the Dungeon.
             The game lasted 00:37:41 (8761 turns).

siradein the Thaumaturge (Mummy Necromancer)        Turns: 8761, Time: 00:37:42

Health: 0/79       AC:  7    Str: 12    XL:     10   Next: 46%
Magic:  3/34       EV: 14    Int: 19    God:    Ashenzari [**....]
Gold:   385        SH:  0    Dex: 18    Spells: 12/31 levels left

rFire   . . .      SeeInvis +   c - +5 scimitar
rCold   + . .      Faith    .   (no shield)
rNeg    + + +      Spirit   .   m - +2 robe "Sidereal Fortune-Teller" {rF+, Fort, Alch} (curse)
rPois   ∞          Reflect  .   C - +0 helmet
rElec   .          Harm     .   (no cloak)
rCorr   .          Rampage  .   d - +0 pair of gloves
Will    +....                   f - +0 pair of boots
Stlth   ++........              v - amulet of Supernal Knowledge {Regen+, Elem, Fort} (curse)
HPRegen 1.03/turn               g - ring "Seer of the Mantic God" {MP+9, Melee, Range} (curse)
MPRegen 0.24/turn               k - ring of the Restrained Seer {Dex+6, Alch, Comp} (curse)

@: very slightly contaminated
A: cold resistance 1, negative energy resistance 3, torment resistance 2, heat
vulnerability 1, in touch with death 1, no potions
a: Renounce Religion, Shatter the Chains


You were on level 9 of the Dungeon.
You worshipped Ashenzari.
Ashenzari was pleased with you.
You visited 2 branches of the dungeon, and saw 10 of its levels.

You collected 459 gold pieces.
You spent 74 gold pieces at shops.

Inventory:

Hand Weapons
 c - a +5 scimitar (weapon)
Missiles
 p - 5 silver javelins
Armour
 d - a +0 pair of gloves (worn)
 f - a +0 pair of boots (worn)
 m - the cursed +2 robe "Sidereal Fortune-Teller" (worn) {rF+, Fort, Alch}
   (You bought it in a shop on level 2 of the Dungeon)

   It has a curse which improves the following skills: Fortitude: Armour and
   Shields.
   Alchemy:   Poison Magic and Transmutations.
 A - +0 acid dragon scales
 C - a +0 helmet (worn)
Jewellery
 g - the cursed ring "Seer of the Mantic God" (left hand) {MP+9, Melee, Range}
   (You found it on level 1 of the Dungeon)

   [ring of magical power]

   MP:        It affects your magic capacity (+9).
   It has a curse which improves the following skills: Melee Combat: Short
   Blades, Long Blades, Axes, Maces & Flails, Polearms, Staves and Unarmed
   Combat.
   Ranged Combat: Slings, Bows, Crossbows and Throwing.
 k - the cursed ring of the Restrained Seer (right hand) {Dex+6, Alch, Comp}
   (You found it on level 2 of the Dungeon)

   [ring of dexterity]

   Dex:       It affects your dexterity (+6).
   It has a curse which improves the following skills: Alchemy: Poison Magic and
   Transmutations.
   Companions: Summonings and Necromancy.
 v - the cursed amulet of Supernal Knowledge (around neck) {Regen+, Elem, Fort}
   (You took it off an orc on level 5 of the Dungeon)

   [amulet of regeneration]

   Regen:     It increases your rate of health regeneration.
   It has a curse which improves the following skills: Elements: Fire Magic, Ice
   Magic, Air Magic and Earth Magic.
   Fortitude: Armour and Shields.
 x - an amulet of the acrobat
 B - a +6 ring of strength
Wands
 h - a wand of flame (15)
 i - a wand of iceblast (12)
 s - a wand of charming (12)
 u - a wand of acid (2)
 w - a wand of polymorph (5)
Scrolls
 a - a scroll of silence
 b - 7 scrolls of teleportation
 e - a scroll of enchant armour
 j - 2 scrolls of summoning
 l - 2 scrolls of fog
 n - 3 scrolls of amnesia
 o - 2 scrolls of blinking
 q - a scroll of torment
 r - a scroll of acquirement
 t - a scroll of poison
 y - a scroll of vulnerability
 z - a scroll of immolation


   Skills:
 + Level 7.2 Fighting
 + Level 4.9 Dodging
 - Level 1.5 Stealth
 + Level 11.1 Spellcasting
 + Level 9.9(11.2) Necromancy


You had 12 spell levels left.
You knew the following spells:

 Your Spells              Type           Power      Damage    Failure   Level
a - Pain                  Necr           100%       1d9       1%          1
b - Vampiric Draining     Necr           68%        2d10      1%          3
c - Animate Dead          Necr           34%        N/A       1%          4
d - Corpse Rot            Necr/Air       96%        N/A       1%          2
e - Agony                 Necr           68%        N/A       1%          5
f - Anguish               Hex/Necr       23%        N/A       7%          4

Your spell library contained the following spells:

 Spells                   Type           Power      Damage    Failure   Level
 Animate Skeleton         Necr           100%       N/A       1%          1
 Ensorcelled Hibernation  Hex/Ice        20%        N/A       10%         2
 Poisonous Vapours        Pois/Air       22%        N/A       10%         2
 Fireball                 Conj/Fire      5%         3d5       87%         5
 Iskenderun's Battlesphe  Conj           10%        2d6       88%         5
 Iron Shot                Conj/Erth      5%         9d2       100%        6
 Starburst                Conj/Fire      5%         6d4       100%        6
 Spellforged Servitor     Conj/Summ      5%         N/A       100%        7
 Ignition                 Fire           5%         3d4       100%        8
 Spider Form              Tmut/Pois      Unusable   N/A       N/A         3

Dungeon Overview and Level Annotations

Branches:
Dungeon (9/15)             Temple (1/1) D:4            Lair (0/6) D:8
    Orc: D:9-12

Altars:
Ashenzari
Cheibriados
Dithmenos
Fedhas
Kikubaaqudgha
Makhleb
Okawaru
Qazlal
Ru
Uskayaw
Vehumet
Wu Jian
Xom
Yredelemnul
Zin
The Shining One

Shops:
D:2 [   D:4 *


Innate Abilities, Weirdness & Mutations

You are immune to poison.
Your flesh is cold resistant. (rC+)
You are immune to negative energy. (rN+++)
You are immune to unholy pain and torment.
You are vulnerable to heat. (rF-)
You are in touch with the powers of death.
You do not drink.


Message History

The six-headed hydra bites you but does no damage.
The six-headed hydra bites you! x3
* * * LOW HITPOINT WARNING * * *
The six-headed hydra bites you!
* * * LOW HITPOINT WARNING * * *
Casting: Vampiric Draining (safe; 1% risk of failure)
Confirm with . or Enter, or press ? or * to list all spells.
Aiming: Vampiric Draining (safe; 1% risk of failure)
Press: ? - help, Shift-Dir - straight line, f/p - six-headed hydra
Aim: a six-headed hydra (heavily wounded, ally target)
You feel a surge of power!
You draw life force from the six-headed hydra!
You feel life coursing into your body.
You feel yourself speed up.
Your orc warrior zombie hits the six-headed hydra!
The six-headed hydra bites your orc warrior zombie.
The six-headed hydra bites your orc warrior zombie but does no damage.
The six-headed hydra barely misses your orc warrior zombie.
The six-headed hydra bites your orc warrior zombie!
Your orc warrior zombie is destroyed!
The six-headed hydra bites you!
* * * LOW HITPOINT WARNING * * *
The six-headed hydra barely misses you.
Unknown command.
Unknown command.
Unknown command.
Unknown command.
Casting: Vampiric Draining (safe; 1% risk of failure)
Confirm with . or Enter, or press ? or * to list all spells.
Aiming: Vampiric Draining (safe; 1% risk of failure)
Press: ? - help, Shift-Dir - straight line, f/p - six-headed hydra
Aim: a six-headed hydra (severely wounded)
You feel a surge of power!
You draw life force from the six-headed hydra!
You feel life coursing into your body.
The six-headed hydra bites you but does no damage.
The six-headed hydra closely misses you.
The six-headed hydra bites you but does no damage.
The six-headed hydra misses you. The six-headed hydra bites you!
You die...

#..##.................##...## ,
##.....#..#.........<.####..# ,
#...###.####...#..#.###....# ,
,
#...###...###.##.#######.>##***
#..##.###..##....###..<....# **
##.....##..##.).##....##..##
#..##.>...##.).........###
#..†.#......[...##.....##
##...#.......D@##.......##
##....##...##..#...#....###
##...##...##..)).........#
#....#..####.#.........##
###..#### ####....#..## ####
#....#### ###)<# ####


You could see a six-headed hydra.

Vanquished Creatures
  A two-headed ogre (D:9)
  A kobold demonologist (D:9)
  A hornet (D:9)
  5 wyverns
  4 basilisks (D:8)
  A steam dragon (D:8)
  An acid dragon (D:8)
  A water moccasin (D:5)
  2 sky beasts (D:8)
  3 orc warriors
  3 ice beasts
  2 ogres
  2 centaurs
  2 phantoms
  2 bullfrogs
  2 necrophages
  A scorpion (D:7)
  7 wights
  6 howler monkeys
  A gnoll shaman (D:8)
  2 hounds (D:5)
  2 jellies
  4 orc priests
  5 iguanas
  10 orc wizards
  8 adders
  7 gnolls
  A shadow imp (D:3)
  A white imp (D:7)
  2 ufetubi
  A worm (D:2)
  8 dart slugs
  22 orcs
  2 ball pythons (D:1)
  5 endoplasms
  6 goblins
  3 hobgoblins
  A quokka (D:1)
  5 bats
  A frilled lizard (D:3)
  3 kobolds
  7 rats
154 creatures vanquished.

Vanquished Creatures (collateral kills)
  An orc wizard (D:6)
1 creature vanquished.

Vanquished Creatures (others)
  An orc wizard (D:6)
1 creature vanquished.

Grand Total: 156 creatures vanquished

Notes
Turn   | Place    | Note
-------+----------+-------------------------------------------
     0 | D:1      | siradein the Mummy Necromancer began the quest for the Orb.
     0 | D:1      | Reached XP level 1. HP: 13/13 MP: 4/4
   141 | D:1      | Reached skill level 3 in Spellcasting
   250 | D:1      | Reached XP level 2. HP: 19/19 MP: 4/6
   992 | D:2      | Gained mutation: You are in touch with the powers of death.
                  | [Mummy growth]
   992 | D:2      | Reached XP level 3. HP: 24/24 MP: 8/8
  1106 | D:2      | Found a faded altar of an unknown god.
  1116 | D:2      | Learned a level 3 spell: Vampiric Draining
  1281 | D:2      | Found Ezojuapso's Antique Armour Shoppe.
  1287 | D:2      | Bought a runed robe for 74 gold pieces
  1357 | D:2      | Reached skill level 4 in Spellcasting
  1484 | D:3      | Reached XP level 4. HP: 25/30 MP: 10/10
  1538 | D:3      | Reached skill level 5 in Necromancy
  1802 | D:3      | Reached XP level 5. HP: 35/35 MP: 12/12
  1831 | D:3      | Reached skill level 5 in Spellcasting
  2215 | D:4      | Found a staircase to the Ecumenical Temple.
  2231 | Temple   | Entered the Ecumenical Temple
  2328 | Temple   | Became a worshipper of Ashenzari the Shackled
  2416 | D:4      | Learned a level 4 spell: Animate Dead
  2607 | D:4      | Identified the +1 robe of Zellouco {rC++ Regen+ Str-5
                  | Stlth+}
  2682 | D:4      | Found Noraerph's Elemental Accessories.
  2913 | D:5      | Entered Level 5 of the Dungeon
  2921 | D:5      | Found a stormy altar of Qazlal.
  2927 | D:5      | Noticed an ice beast
  2928 | D:5      | Found a snail-covered altar of Cheibriados.
  2930 | D:5      | Found a hide-covered altar of Uskayaw.
  2930 | D:5      | Found an ancient bone altar of Kikubaaqudgha.
  2955 | D:5      | Killed an ice beast
  2956 | D:5      | Reached XP level 6. HP: 37/41 MP: 8/14
  2992 | D:5      | Reached skill level 6 in Spellcasting
  3219 | D:5      | Reached XP level 7. HP: 25/46 MP: 11/17
  3480 | D:5      | You fall into a shaft and drop 1 floor!
  3698 | D:6      | Reached skill level 1 in Fighting
  3698 | D:6      | Reached skill level 7 in Spellcasting
  3948 | D:5      | Found an ornate altar of the Wu Jian Council.
  4221 | D:5      | Found a radiant altar of Vehumet.
  4225 | D:5      | Learned a level 2 spell: Corpse Rot
  4231 | D:5      | Learned a level 5 spell: Agony
  4238 | D:5      | Reached * piety under Ashenzari
  4238 | D:5      | Identified a scroll of acquirement
  4254 | D:5      | Reached XP level 8. HP: 55/57 MP: 18/19
  4564 | D:5      | Reached skill level 8 in Spellcasting
  4635 | D:5      | Found a blossoming altar of Fedhas.
  4823 | D:5      | Found a radiant altar of Vehumet.
  5914 | D:7      | Reached ** piety under Ashenzari
  6075 | D:7      | Reached skill level 9 in Spellcasting
  6461 | D:7      | Reached XP level 9. HP: 67/67 MP: 22/22
  6719 | D:8      | Reached skill level 5 in Fighting
  6919 | D:8      | Learned a level 4 spell: Anguish
  7383 | D:8      | Reached skill level 10 in Spellcasting
  7609 | D:8      | Found a staircase to the Lair.
  7765 | D:8      | Reached *** piety under Ashenzari
  8287 | D:9      | Reached XP level 10. HP: 77/77 MP: 17/24
  8582 | D:9      | Noticed a two-headed ogre
  8593 | D:9      | Killed a two-headed ogre
  8594 | D:9      | Reached skill level 11 in Spellcasting
  8753 | D:9      | Noticed a six-headed hydra
  8760 | D:9      | HP: 3/79 [six-headed hydra (10)]
  8761 | D:9      | Slain by a six-headed hydra

Illustrated notes

Levels and vault maps discovered:
D:1:      dpeg_arrival_subterranean_lakeside_camping, layout_rooms,
          serial_glass, glass_columns_c, glass_columns_a
D:2:      layout_rooms, ebering_ecumenical_altar_webs, serial_shops, shop_statue
D:3:      layout_rooms, grunt_ministairs_7
D:4:      layout_loops_ring, minmay_temple_entry_ruins, nicolae_elemental_shop
D:5:      layout_basic, nicolae_wu_jian_wuxing_cycle,
          grunt_temple_overflow_open, vehumet_altar_wand_db, marbit_many_paths
D:6:      minmay_flawed_box, layout_basic, serial_rivers,
          chequers_serial_rivers_micro_e, chequers_serial_rivers_micro_c,
          chequers_serial_rivers_micro_e, chequers_serial_rivers_large_b
D:7:      layout_gridville
D:8:      layout_loops_ring, erik_lair_dragon, minmay_misc_feat_doors
D:9:      minmay_imperfect_grid, layout_cave_pools, hangedman_corner_corridor
Temple:   dpeg_chambers_temple

Skill      XL: |  1  2  3  4  5  6  7  8  9 10 |
---------------+-------------------------------+-----
Spellcasting   | 3 4 5 6 7 9 10 11 | 11.1
Necromancy     | 5 6 7 8 9 |  9.9
Fighting       | 2 4 6 7 |  7.2
Dodging        | 2 4 |  4.9
Stealth        | |  1.5

Action                   |  1- 3 |  4- 6 |  7- 9 | 10-12 || total
-------------------------+-------+-------+-------+-------++-------
Melee: Dagger            |    11 |    62 |   106 |       ||   179
       Punch             |       |     1 |     3 |       ||     4
       Morningstar       |       |       |   148 |       ||   148
       Scimitar          |       |       |       |    27 ||    27
 Cast: Pain              |    65 |    40 |       |       ||   105
       Vampiric Draining |       |    14 |    82 |    31 ||   127
       Animate Dead      |       |       |     1 |     3 ||     4
       Anguish           |       |       |     1 |     1 ||     2
Invok: Curse Item        |       |       |     6 |       ||     6
       Shatter the Chain |       |       |     2 |       ||     2
  Use: Scroll            |       |     2 |     1 |       ||     3
 Stab: Sleeping          |       |     2 |     6 |       ||     8
Armor: Robe              |     8 |    21 |    95 |    15 ||   139
Dodge: Dodged            |    16 |    44 |   216 |    49 ||   325

Table legend: (Time is in decaauts)
 A = Elapsed time spent in this place.
 B = Non-inter-level travel time spent in this place.
 C = Inter-level travel time spent in this place.
 D = Time resting spent in this place.
 E = Time spent auto-exploring this place.
 F = Levels seen in this place.
 G = Mean time per level.
                   A        B        C        D        E       F      G
               +--------+--------+--------+--------+--------+-----+--------+
         Total |   8883 |   8753 |    130 |    339 |   6570 |  10 |  888.3 |
       Dungeon |   8744 |   8614 |    130 |    339 |   6483 |   9 |  971.6 |
        Temple |    139 |    139 |      0 |      0 |     87 |   1 |  139.0 |
               +--------+--------+--------+--------+--------+-----+--------+

Top non-repeatable levels by time:
     D:8: 1703 daAuts
     D:5: 1645 daAuts
     D:6: 1194 daAuts
     D:7: 1014 daAuts
     D:1: 873 daAuts
     D:3: 721 daAuts
     D:4: 700 daAuts
     D:2: 482 daAuts
     D:9: 407 daAuts
  Temple: 139 daAuts
